[ AOE2 MATCH · #507041497 ]
UnrankedArmenians vs Aztecs
Player's team · LOSS
Rival team · WIN
[ REPLAY ANALYSIS · EXTRACTED FROM THE RECORDED GAME ]
Feudal
8:51
Castle
19:06
Imperial
37:00
| APM avg | 37.7 |
| APM peak | 64 |
| eAPM avg | 23.4 |
| Villagers / military | 108 / 47 |
Focus
⚔️ 23.4% · 🌾 76.6%
Militia ×14 · Warrior Priest ×13 · Knight ×8 · Mangonel ×5 · Scout Cavalry ×3 · Trebuchet (Packed) ×3
Feudal
10:59
Castle
21:03
Imperial
35:07
| APM avg | 68.6 |
| APM peak | 100 |
| eAPM avg | 32.0 |
| Villagers / military | 156 / 121 |
Focus
⚔️ 31.7% · 🌾 68.3%
Archer ×54 · Spearman ×32 · Militia ×23 · Skirmisher ×5 · Trebuchet (Packed) ×4 · Monk ×3
Match map
Initial resources + every placement click. Lines = walls · curves = elevation contours. ◆ gold · ⬟ stone · ● berries · ✦ relic · ◌ wall gap
Your base· Open — opponent sealed themselves in
r0thmans's base· ✓ Closed at 21:03 · 49t walls · 1 gate(s)
Smoothed initial terrain · ◌ = detected wall gap · hover for details
Inputs per minute
— zz_Highway - - r0thmans
Build order — zz_Highway
First 150 of 312 actions detected
| 0:01 | Queue | Villager (Male) |
| 0:01 | Queue | Villager (Male) |
| 0:02 | Build | House |
| 0:03 | Build | House |
| 0:21 | Queue | Villager (Male) |
| 0:28 | Queue | Villager (Male) |
| 1:23 | Queue | Villager (Male) |
| 1:48 | Queue | Villager (Male) |
| 2:24 | Queue | Villager (Male) |
| 2:38 | Build | Mill |
| 2:50 | Queue | Villager (Male) |
| 3:14 | Queue | Villager (Male) |
| 3:34 | Queue | Villager (Male) |
| 3:47 | Queue | Villager (Male) |
| 4:01 | Queue | Villager (Male) |
| 4:09 | Build | House |
| 4:14 | Queue | Villager (Male) |
| 5:11 | Queue | Villager (Male) |
| 5:11 | Queue | Villager (Male) |
| 5:30 | Build | Mule Cart |
| 5:43 | Queue | Villager (Male) |
| 5:45 | Research | Loom |
| 6:38 | Research | Feudal Age |
| 6:52 | Build | Palisade Wall |
| 6:56 | Build | Palisade Wall |
| 6:59 | Build | House |
| 7:10 | Build | Palisade Wall |
| 7:16 | Build | Palisade Wall |
| 7:34 | Build | Mule Cart |
| 7:40 | Build | Palisade Wall |
| 8:42 | Build | House |
| 8:51 | Age | Feudal Age |
| 8:54 | Queue | Villager (Male) |
| 8:54 | Queue | Villager (Male) |
| 9:07 | Research | Double-Bit Axe |
| 9:25 | Build | House |
| 9:38 | Queue | Villager (Male) |
| 9:52 | Build | Barracks |
| 10:06 | Queue | Villager (Male) |
| 10:11 | Build | Farm |
| 10:33 | Queue | Villager (Male) |
| 10:40 | Build | Stable |
| 10:46 | Queue | Villager (Male) |
| 10:54 | Build | Farm |
| 11:07 | Queue | Villager (Male) |
| 11:21 | Queue | Villager (Male) |
| 11:23 | Build | Farm |
| 11:25 | Build | Farm |
| 11:51 | Build | Mill |
| 11:54 | Queue | Villager (Male) |
| 12:07 | Queue | Scout Cavalry |
| 12:15 | Queue | Scout Cavalry |
| 12:17 | Build | Farm |
| 12:27 | Build | Watch Tower |
| 12:35 | Build | Farm |
| 12:36 | Queue | Villager (Male) |
| 12:42 | Build | Farm |
| 12:45 | Build | Farm |
| 12:49 | Build | House |
| 12:53 | Queue | Villager (Male) |
| 13:03 | Build | Farm |
| 13:19 | Research | Town Watch |
| 13:20 | Queue | Villager (Male) |
| 13:28 | Build | Farm |
| 13:35 | Queue | Scout Cavalry |
| 13:42 | Queue | Villager (Male) |
| 14:00 | Build | Farm |
| 14:01 | Build | Farm |
| 14:07 | Build | Farm |
| 14:20 | Queue | Villager (Male) |
| 14:41 | Build | House |
| 15:03 | Queue | Villager (Male) |
| 15:06 | Queue | Villager (Male) |
| 15:17 | Build | Market |
| 15:29 | Build | House |
| 15:30 | Build | House |
| 15:34 | Queue | Villager (Male) |
| 15:56 | Build | House |
| 15:58 | Build | House |
| 15:59 | Build | House |
| 16:05 | Queue | Villager (Male) |
| 16:26 | Research | Castle Age |
| 16:27 | Research | Castle Age |
| 16:55 | Research | Horse Collar |
| 16:56 | Research | Horse Collar |
| 17:22 | Research | Bloodlines |
| 17:53 | Build | Stable |
| 18:04 | Research | Gold Mining |
| 18:22 | Build | Blacksmith |
| 18:56 | Build | Palisade Wall |
| 19:06 | Age | Castle Age |
| 19:07 | Build | House |
| 19:10 | Queue | Knight |
| 19:13 | Queue | Knight |
| 19:14 | Queue | Knight |
| 19:35 | Queue | Villager (Male) |
| 19:35 | Queue | Villager (Male) |
| 19:40 | Queue | Knight |
| 19:41 | Queue | Knight |
| 19:44 | Research | Scale Barding Armor |
| 19:45 | Research | Scale Barding Armor |
| 19:56 | Build | Farm |
| 19:56 | Build | Farm |
| 20:07 | Queue | Villager (Male) |
| 20:20 | Build | Monastery |
| 20:27 | Queue | Knight |
| 20:33 | Build | House |
| 20:35 | Build | Palisade Wall |
| 20:45 | Queue | Knight |
| 20:46 | Queue | Villager (Male) |
| 20:56 | Build | Farm |
| 20:59 | Queue | Villager (Male) |
| 21:29 | Queue | Knight |
| 21:34 | Build | Mule Cart |
| 21:42 | Queue | Villager (Male) |
| 21:44 | Research | Wheelbarrow |
| 21:57 | Queue | Villager (Male) |
| 22:12 | Queue | Warrior Priest |
| 22:32 | Research | Bow Saw |
| 22:47 | Build | Town Center |
| 22:49 | Queue | Villager (Male) |
| 23:11 | Queue | Warrior Priest |
| 23:23 | Queue | Warrior Priest |
| 23:23 | Queue | Warrior Priest |
| 23:25 | Queue | Warrior Priest |
| 23:41 | Build | Town Center |
| 23:54 | Queue | Warrior Priest |
| 23:55 | Queue | Villager (Male) |
| 24:30 | Build | House |
| 24:53 | Build | Siege Workshop |
| 25:01 | Queue | Villager (Male) |
| 25:24 | Queue | Villager (Male) |
| 25:24 | Queue | Villager (Male) |
| 25:27 | Queue | Villager (Male) |
| 25:31 | Build | House |
| 25:33 | Build | House |
| 25:53 | Queue | Mangonel |
| 25:54 | Queue | Villager (Male) |
| 25:55 | Queue | Villager (Male) |
| 25:55 | Queue | Villager (Male) |
| 26:05 | Build | House |
| 26:06 | Build | House |
| 26:09 | Build | Stone Wall |
| 26:10 | Queue | Villager (Male) |
| 26:11 | Queue | Villager (Male) |
| 26:20 | Queue | Warrior Priest |
| 26:27 | Queue | Villager (Male) |
| 26:29 | Build | Farm |
| 26:33 | Queue | Mangonel |
| 27:03 | Queue | Villager (Male) |
Build order — r0thmans
First 150 of 504 actions detected
| 0:00 | Queue | Villager (Male) |
| 0:00 | Queue | Villager (Male) |
| 0:00 | Queue | Villager (Male) |
| 0:02 | Build | House |
| 0:03 | Build | House |
| 0:09 | Queue | Villager (Male) |
| 1:18 | Queue | Villager (Male) |
| 1:18 | Queue | Villager (Male) |
| 1:47 | Build | Lumber Camp |
| 1:52 | Queue | Villager (Male) |
| 1:52 | Queue | Villager (Male) |
| 2:22 | Queue | Villager (Male) |
| 2:50 | Queue | Villager (Male) |
| 2:50 | Queue | Villager (Male) |
| 3:19 | Queue | Villager (Male) |
| 3:40 | Queue | Villager (Male) |
| 3:48 | Build | House |
| 4:05 | Queue | Villager (Male) |
| 4:24 | Queue | Villager (Male) |
| 4:36 | Queue | Villager (Male) |
| 4:45 | Build | Barracks |
| 5:07 | Build | House |
| 5:21 | Queue | Villager (Male) |
| 5:42 | Queue | Militia |
| 5:42 | Queue | Militia |
| 5:45 | Queue | Villager (Male) |
| 5:52 | Queue | Militia |
| 5:53 | Queue | Militia |
| 6:12 | Build | Mill |
| 6:16 | Queue | Villager (Male) |
| 6:34 | Queue | Villager (Male) |
| 6:53 | Queue | Villager (Male) |
| 7:06 | Queue | Villager (Male) |
| 7:12 | Build | House |
| 7:14 | Research | Loom |
| 7:14 | Research | Loom |
| 7:50 | Build | House |
| 7:59 | Queue | Villager (Male) |
| 8:12 | Queue | Villager (Male) |
| 8:16 | Build | Mill |
| 8:47 | Research | Feudal Age |
| 8:48 | Research | Feudal Age |
| 9:26 | Build | Palisade Wall |
| 9:28 | Build | Palisade Wall |
| 9:58 | Build | Mining Camp |
| 10:09 | Build | Palisade Wall |
| 10:32 | Build | House |
| 10:33 | Build | Palisade Wall |
| 10:34 | Build | Palisade Wall |
| 10:39 | Build | Palisade Wall |
| 10:42 | Queue | Villager (Male) |
| 10:59 | Age | Feudal Age |
| 11:01 | Queue | Villager (Male) |
| 11:06 | Build | Archery Range |
| 11:14 | Research | Double-Bit Axe |
| 11:14 | Research | Double-Bit Axe |
| 11:18 | Queue | Villager (Male) |
| 11:21 | Build | House |
| 11:21 | Build | Palisade Wall |
| 11:37 | Queue | Villager (Male) |
| 11:56 | Queue | Skirmisher |
| 11:56 | Queue | Skirmisher |
| 11:57 | Queue | Villager (Male) |
| 12:15 | Build | Farm |
| 12:16 | Queue | Villager (Male) |
| 12:19 | Build | House |
| 12:27 | Queue | Villager (Male) |
| 12:29 | Build | Farm |
| 12:36 | Queue | Skirmisher |
| 12:40 | Build | House |
| 12:42 | Build | Palisade Wall |
| 12:44 | Queue | Villager (Male) |
| 12:51 | Build | Farm |
| 13:00 | Queue | Villager (Male) |
| 13:01 | Build | Farm |
| 13:09 | Research | Horse Collar |
| 13:09 | Research | Horse Collar |
| 13:14 | Build | Palisade Wall |
| 13:16 | Build | Palisade Wall |
| 13:17 | Build | Palisade Wall |
| 13:18 | Queue | Skirmisher |
| 13:19 | Queue | Skirmisher |
| 13:27 | Build | Farm |
| 13:38 | Queue | Archer |
| 13:38 | Queue | Archer |
| 13:47 | Queue | Villager (Male) |
| 13:58 | Queue | Villager (Male) |
| 14:01 | Build | Farm |
| 14:01 | Queue | Archer |
| 14:07 | Queue | Spearman |
| 14:11 | Build | Palisade Wall |
| 14:11 | Build | Palisade Gate |
| 14:15 | Queue | Villager (Male) |
| 14:17 | Build | Farm |
| 14:25 | Build | House |
| 14:30 | Queue | Archer |
| 14:40 | Build | Farm |
| 14:46 | Queue | Archer |
| 14:51 | Queue | Spearman |
| 15:02 | Build | Blacksmith |
| 15:12 | Build | Farm |
| 15:31 | Build | Farm |
| 15:34 | Queue | Villager (Male) |
| 15:34 | Queue | Archer |
| 15:57 | Build | Lumber Camp |
| 16:00 | Queue | Villager (Male) |
| 16:14 | Queue | Villager (Male) |
| 16:19 | Queue | Villager (Male) |
| 16:20 | Queue | Archer |
| 16:34 | Research | Fletching |
| 16:34 | Research | Fletching |
| 16:36 | Build | Farm |
| 16:42 | Build | House |
| 16:48 | Queue | Archer |
| 16:59 | Build | Farm |
| 17:02 | Queue | Archer |
| 17:09 | Queue | Villager (Male) |
| 17:12 | Build | Palisade Wall |
| 17:21 | Build | Farm |
| 17:22 | Build | Farm |
| 17:29 | Queue | Archer |
| 17:38 | Build | Farm |
| 18:03 | Build | Archery Range |
| 18:23 | Research | Castle Age |
| 18:25 | Queue | Archer |
| 18:25 | Queue | Archer |
| 18:57 | Queue | Villager (Male) |
| 18:59 | Queue | Archer |
| 18:59 | Queue | Archer |
| 19:14 | Queue | Spearman |
| 19:14 | Queue | Spearman |
| 19:21 | Queue | Villager (Male) |
| 19:22 | Queue | Spearman |
| 19:22 | Queue | Spearman |
| 19:23 | Queue | Archer |
| 19:43 | Queue | Archer |
| 19:44 | Queue | Archer |
| 19:44 | Queue | Spearman |
| 19:45 | Queue | Spearman |
| 19:49 | Research | Scale Mail Armor |
| 20:00 | Build | House |
| 20:00 | Build | House |
| 20:05 | Build | House |
| 20:06 | Build | House |
| 20:15 | Queue | Villager (Male) |
| 20:18 | Build | Farm |
| 20:19 | Queue | Archer |
| 20:19 | Queue | Archer |
| 20:21 | Queue | Spearman |
| 20:21 | Queue | Spearman |
Match timeline
| 4:45 | r0thmans · first_building Barracks |
| 6:52 | zz_Highway · wall_segment Palisade Wall x6 |
| 6:56 | zz_Highway · wall_segment Palisade Wall x7 |
| 7:10 | zz_Highway · wall_segment Palisade Wall x5 |
| 7:16 | zz_Highway · wall_segment Palisade Wall x6 |
| 7:40 | zz_Highway · wall_segment Palisade Wall x1 |
| 8:51 | zz_Highway · age_up feudal |
| 9:26 | r0thmans · wall_segment Palisade Wall x1 |
| 9:28 | r0thmans · wall_segment Palisade Wall x1 |
| 9:52 | zz_Highway · first_building Barracks |
| 10:09 | r0thmans · wall_segment Palisade Wall x3 |
| 10:33 | r0thmans · wall_segment Palisade Wall x4 |
| 10:34 | r0thmans · wall_segment Palisade Wall x3 |
| 10:39 | r0thmans · wall_segment Palisade Wall x4 |
| 10:40 | zz_Highway · first_building Stable |
| 10:59 | r0thmans · age_up feudal |
| 11:06 | r0thmans · first_building Archery Range |
| 11:21 | r0thmans · wall_segment Palisade Wall x4 |
| 12:42 | r0thmans · wall_segment Palisade Wall x8 |
| 13:14 | r0thmans · wall_segment Palisade Wall x6 |
| 13:16 | r0thmans · wall_segment Palisade Wall x3 |
| 13:17 | r0thmans · wall_segment Palisade Wall x5 |
| 14:11 | r0thmans · wall_segment Palisade Wall x8 |
| 17:12 | r0thmans · wall_segment Palisade Wall x1 |
| 18:56 | zz_Highway · wall_segment Palisade Wall x1 |
| 19:06 | zz_Highway · age_up castle |
| 20:20 | zz_Highway · first_building Monastery |
| 20:35 | zz_Highway · wall_segment Palisade Wall x2 |
| 21:03 | r0thmans · age_up castle |
| 21:37 | r0thmans · first_building Monastery |
| 22:09 | r0thmans · wall_segment Palisade Wall x1 |
| 23:34 | zz_Highway · first_market_buy 100 wood |
| 24:53 | zz_Highway · first_building Siege Workshop |
| 26:09 | zz_Highway · wall_segment Stone Wall x1 |
| 28:52 | r0thmans · first_market_buy 100 wood |
| 33:15 | zz_Highway · first_market_sell 100 wood |
| 34:47 | r0thmans · first_building Castle |
| 35:07 | r0thmans · age_up imperial |
| 35:30 | zz_Highway · first_building Archery Range |
| 35:41 | zz_Highway · first_building Castle |
| 37:00 | zz_Highway · age_up imperial |
| 40:49 | zz_Highway · resign |
[ AI ANALYSIS · 1 CREDIT ]
What really happened in this match?
Wolo.gg analyzes every decision: build order, eco, micro, common mistakes by bracket. Personalized analysis on WhatsApp or Discord in 30 seconds.
Civ guide
Armenians
Perfil
Jugador #4249903